[Event "FICS rated standard game"]
[Site "FICS freechess.org"]
[FICSGamesDBGameNo "20000494"]
[White "Stane"]
[Black "Patkul"]
[WhiteElo "1911"]
[BlackElo "2132"]
[WhiteRD "na"]
[BlackRD "na"]
[TimeControl "1200+20"]
[Date "1999.04.26"]
[Time "15:59:00"]
[WhiteClock "0:20:00.000"]
[BlackClock "0:20:00.000"]
[ECO "B11"]
[PlyCount "211"]
[Result "1/2-1/2"]

1. e4 c6 2. Nf3 d5 3. Nc3 Bg4 4. exd5 cxd5 5. Bb5+ Nc6 6. h3 Bxf3 7. Qxf3 e6 8. d3 Nf6 9. g4 Be7 10. h4 O-O 11. g5 Nd7 12. Qg3 Nd4 13. Ba4 Nb6 14. Bb3 a5 15. Na4 Nxa4 16. Bxa4 b5 17. Qg4 Qb6 18. Be3 Bc5 19. c3 Nf5 20. Bxc5 Qxc5 21. d4 Nxd4 22. Qxd4 Qxd4 23. cxd4 bxa4 24. Rc1 Rab8 25. Rc2 Rb4 26. Rd2 Rfb8 27. Rf1 Rxb2 28. f4 g6 29. h5 a3 30. h6 Rb1+ 31. Ke2 Rxf1 32. Kxf1 Rb1+ 33. Ke2 Rb2 34. Kd3 Kf8 35. Rd1 Ke7 36. Rc1 Kd7 37. Rc5 Rxa2 38. Rxa5 Rf2 39. Ke3 Rc2 40. Rxa3 Rc7 41. Ra8 Rc8 42. Ra6 Rc3+ 43. Ke2 Rc7 44. Kd3 Rc8 45. Ra5 Rc7 46. Ra3 Rc8 47. Ra6 Rc7 48. Ra8 Rc8 49. Ra1 Rc7 50. Rb1 Kc8 51. Rb6 Kd7 52. Ra6 Rc8 53. Ra5 Rc7 54. Ra3 Rc8 55. Ke3 Rc7 56. f5 gxf5 57. Kf4 Ke7 58. Ke5 Rb7 59. Ra8 Rc7 60. Rh8 Rc1 61. Rxh7 Re1+ 62. Kf4 Re4+ 63. Kf3 Rg4 64. Rg7 Kf8 65. Ke3 Re4+ 66. Kd3 Rh4 67. Rh7 Kg8 68. Rg7+ Kf8 69. Rh7 Rh5 70. Rh8+ Ke7 71. h7 Rh3+ 72. Ke2 Rh5 73. Kf3 Rh4 74. Kg3 Rh1 75. Kf4 Rh5 76. Kg3 Rh1 77. Kg2 Rh5 78. Kf3 Rh1 79. Kf4 Rh4+ 80. Kg3 Rh1 81. Kf3 Rh2 82. Kf4 Rh5 83. Kg3 Rxg5+ 84. Kh4 Rg4+ 85. Kh5 Rg2 86. Re8+ Kxe8 87. h8=Q+ Ke7 88. Qc8 Rg4 89. Kh6 Rg6+ 90. Kh7 Rg4 91. Qc7+ Ke8 92. Qc6+ Ke7 93. Qc5+ Kf6 94. Qb6 Ke7 95. Qc7+ Ke8 96. Qe5 Ke7 97. Kh6 Kd7 98. Kh5 Ke7 99. Qh8 Rg6 100. Qe5 Rg4 101. Kh6 Rg6+ 102. Kh7 Rg4 103. Qc7+ Ke8 104. Qd6 Rg6 105. Qc6+ Ke7 106. Qc7+ {Game drawn by mutual agreement} 1/2-1/2

[Event "FICS rated blitz game"]
[Site "FICS freechess.org"]
[FICSGamesDBGameNo "20000493"]
[White "Odranoel"]
[Black "ulfila"]
[WhiteElo "1260"]
[BlackElo "1322"]
[WhiteRD "na"]
[BlackRD "na"]
[TimeControl "240+0"]
[Date "1999.04.26"]
[Time "12:21:00"]
[WhiteClock "0:04:00.000"]
[BlackClock "0:04:00.000"]
[ECO "B18"]
[PlyCount "44"]
[Result "0-1"]

1. e4 c6 2. d4 d5 3. Nc3 dxe4 4. Nxe4 Bf5 5. Qd3 e6 6. f3 Nf6 7. Be3 Nbd7 8. Nxf6+ Nxf6 9. g4 Bxd3 10. cxd3 Bb4+ 11. Kf2 O-O 12. g5 Nd5 13. a3 Nxe3 14. Kxe3 Ba5 15. b4 Bb6 16. Ne2 Qxg5+ 17. Nf4 Qd8 18. Kd2 Qxd4 19. Bg2 Qxf4+ 20. Ke2 Rad8 21. Rad1 Rd5 22. Rhf1 Qe3# {White checkmated} 0-1

[Event "FICS rated blitz game"]
[Site "FICS freechess.org"]
[FICSGamesDBGameNo "20000492"]
[White "kicker"]
[Black "greko"]
[WhiteElo "1622"]
[BlackElo "1775"]
[WhiteRD "na"]
[BlackRD "na"]
[TimeControl "180+0"]
[Date "1999.04.26"]
[Time "11:13:00"]
[WhiteClock "0:03:00.000"]
[BlackClock "0:03:00.000"]
[ECO "A50"]
[PlyCount "114"]
[Result "0-1"]

1. d4 b6 2. c4 Bb7 3. Nc3 Nf6 4. f3 e6 5. e4 Bb4 6. Bd3 d5 7. cxd5 exd5 8. e5 Ng8 9. Ne2 Ne7 10. O-O c5 11. a3 Bxc3 12. bxc3 Nd7 13. Bg5 O-O 14. f4 f6 15. Bh4 Ng6 16. Bg3 Re8 17. f5 Ngxe5 18. dxe5 Nxe5 19. Bb5 Re7 20. Nf4 a6 21. Ba4 Bc8 22. Qxd5+ Kh8 23. Rad1 Qxd5 24. Rxd5 Bxf5 25. Rfd1 Rae8 26. Bxe8 Rxe8 27. Rd8 Rg8 28. Rxg8+ Kxg8 29. Rd8+ Kf7 30. Rd6 Nc4 31. Rc6 Be4 32. Ne2 Bxc6 33. Bf2 Bd5 34. Nf4 Be4 35. Bg3 g5 36. Ne2 h5 37. a4 h4 38. Be1 Ke6 39. g3 hxg3 40. Nxg3 Bg6 41. Kf2 Nb2 42. Ke2 Nxa4 43. Kd1 Nb2+ 44. Kc1 Nd3+ 45. Kd1 Nxe1 46. Kxe1 b5 47. Ke2 a5 48. Ke3 a4 49. Ne2 a3 50. Nc1 b4 51. cxb4 cxb4 52. Kd4 f5 53. Kc4 f4 54. Kxb4 f3 55. Kxa3 f2 56. Ne2 f1=Q 57. Nd4+ Kd5 {White forfeits on time} 0-1

[Event "FICS rated blitz game"]
[Site "FICS freechess.org"]
[FICSGamesDBGameNo "20000491"]
[White "Orestis"]
[Black "Opin"]
[WhiteElo "1635"]
[BlackElo "1723"]
[WhiteRD "na"]
[BlackRD "na"]
[TimeControl "120+5"]
[Date "1999.04.26"]
[Time "11:00:00"]
[WhiteClock "0:02:00.000"]
[BlackClock "0:02:00.000"]
[ECO "A07"]
[PlyCount "53"]
[Result "1-0"]

1. Nf3 Nf6 2. d3 d5 3. Nbd2 c6 4. g3 Bg4 5. Bg2 e6 6. O-O Nbd7 7. c3 Bd6 8. h3 Bxf3 9. Bxf3 Qb6 10. Kh2 h5 11. Bg2 Ng4+ 12. hxg4 hxg4+ 13. Kg1 Bxg3 14. Nf3 gxf3 15. Bxf3 Bh2+ 16. Kg2 O-O-O 17. Rh1 Bd6 18. Bg5 f6 19. Be3 c5 20. b4 Qc7 21. Qg1 Kb8 22. Kf1 cxb4 23. Rxh8 Rxh8 24. Qxg7 Rh2 25. cxb4 Bxb4 26. Rc1 Qd8 27. Bf4+ {Black forfeits on time} 1-0

[Event "FICS rated blitz game"]
[Site "FICS freechess.org"]
[FICSGamesDBGameNo "20000490"]
[White "Bisshop"]
[Black "xyu"]
[WhiteElo "1713"]
[BlackElo "1739"]
[WhiteRD "na"]
[BlackRD "na"]
[TimeControl "180+0"]
[Date "1999.04.26"]
[Time "10:44:00"]
[WhiteClock "0:03:00.000"]
[BlackClock "0:03:00.000"]
[ECO "C42"]
[PlyCount "67"]
[Result "1-0"]

1. e4 e5 2. Nf3 Nf6 3. Bc4 Nxe4 4. Nxe5 d5 5. O-O Bc5 6. Nxf7 Kxf7 7. Qh5+ g6 8. Bxd5+ Kg7 9. Qe5+ Nf6 10. c4 Re8 11. Qc3 c6 12. Bf3 Bf5 13. d4 Qxd4 14. Qa5 Nbd7 15. Be3 Qxb2 16. Bd2 Bxb1 17. Raxb1 Qe5 18. Bc3 Qf4 19. Rxb7 Bd6 20. Rxd7+ Kg8 21. Rxd6 Qxd6 22. c5 Qf4 23. Bxc6 Rec8 24. Bxa8 Rxa8 25. Bxf6 Qxf6 26. h3 Qf7 27. c6 Rf8 28. c7 Rc8 29. Rc1 Qf4 30. Qd5+ Kg7 31. Re1 Rf8 32. Qd7+ Rf7 33. Qd2 Rxc7 34. Qxf4 {Black forfeits on time} 1-0

[Event "FICS rated blitz game"]
[Site "FICS freechess.org"]
[FICSGamesDBGameNo "20000489"]
[White "CALBOT"]
[Black "horst"]
[WhiteElo "1412"]
[BlackElo "1468"]
[WhiteRD "na"]
[BlackRD "na"]
[TimeControl "300+0"]
[Date "1999.04.26"]
[Time "07:19:00"]
[WhiteClock "0:05:00.000"]
[BlackClock "0:05:00.000"]
[ECO "C02"]
[PlyCount "85"]
[Result "0-1"]

1. e4 e6 2. Nf3 d5 3. e5 c5 4. d4 Nc6 5. c3 Qb6 6. b3 cxd4 7. Nxd4 Nxd4 8. Qxd4 Qxd4 9. cxd4 Ne7 10. Bd2 Nf5 11. Bc3 b6 12. Bb5+ Bd7 13. Bxd7+ Kxd7 14. Nd2 Be7 15. O-O Rac8 16. Bb2 Rc2 17. Bc1 Nxd4 18. Nf3 Ne2+ 19. Kh1 Rhc8 20. Be3 Nc3 21. Nd4 Rxa2 22. Rxa2 Nxa2 23. Nb5 a5 24. Bxb6 Rb8 25. Nd6 Bxd6 26. exd6 Rxb6 27. Ra1 Rc6 28. h3 Nb4 29. Rxa5 Kxd6 30. Ra7 Rc7 31. Ra4 Nd3 32. f4 Rc1+ 33. Kh2 Ke7 34. Ra7+ Kf6 35. h4 Nxf4 36. b4 d4 37. b5 d3 38. b6 d2 39. b7 Rb1 40. Kg3 d1=Q 41. Kxf4 Rb4+ 42. Kg3 Qd3+ 43. Kh2 {White resigns} 0-1

[Event "FICS rated blitz game"]
[Site "FICS freechess.org"]
[FICSGamesDBGameNo "20000488"]
[White "Caruso"]
[Black "shrid"]
[WhiteElo "1198"]
[BlackElo "1285"]
[WhiteRD "na"]
[BlackRD "na"]
[TimeControl "240+0"]
[Date "1999.04.26"]
[Time "02:23:00"]
[WhiteClock "0:04:00.000"]
[BlackClock "0:04:00.000"]
[ECO "C00"]
[PlyCount "95"]
[Result "1-0"]

1. e4 e6 2. Nf3 c5 3. Bb5 a6 4. Ba4 b5 5. Bb3 c4 6. Bxc4 bxc4 7. Qe2 d5 8. exd5 Qxd5 9. Nc3 Qc5 10. O-O Nf6 11. Re1 Bd6 12. Ne4 Nxe4 13. Qxe4 Nc6 14. b3 cxb3 15. axb3 O-O 16. Ba3 Qd5 17. Qxd5 exd5 18. Bxd6 Nb4 19. Bxf8 Nxc2 20. Bxg7 Kxg7 21. Rac1 Nxe1 22. Rxe1 Be6 23. Ne5 Rc8 24. h3 Rc2 25. d4 Rb2 26. Re3 a5 27. Nd3 Rxb3 28. Kh2 a4 29. Nc5 Rxe3 30. fxe3 a3 31. Nb3 a2 32. Na1 Kf6 33. Kg1 Kf5 34. Kf1 Ke4 35. Ke2 Bd7 36. g4 Bb5+ 37. Kd2 Bc4 38. h4 Kf3 39. g5 Kg4 40. h5 Kxg5 41. h6 Kxh6 42. Kc2 Kg6 43. Kb2 h5 44. Nc2 h4 45. Ka1 h3 46. Ne1 h2 47. e4 h1=Q 48. exd5 {Black forfeits on time} 1-0

[Event "FICS rated blitz game"]
[Site "FICS freechess.org"]
[FICSGamesDBGameNo "20000487"]
[White "svatOpluk"]
[Black "Bobstar"]
[WhiteElo "1251"]
[BlackElo "1318"]
[WhiteRD "na"]
[BlackRD "na"]
[TimeControl "240+0"]
[Date "1999.04.25"]
[Time "20:32:00"]
[WhiteClock "0:04:00.000"]
[BlackClock "0:04:00.000"]
[ECO "C53"]
[PlyCount "65"]
[Result "1-0"]

1. e4 e5 2. Nf3 Nc6 3. Bc4 Bc5 4. c3 Qf6 5. O-O d6 6. b4 Bb6 7. a4 a6 8. Qb3 Bg4 9. Be2 Nh6 10. d3 O-O 11. Nbd2 Rae8 12. Nc4 Bxf3 13. Bxf3 Re6 14. b5 Qg6 15. bxc6 bxc6 16. Nxb6 cxb6 17. Qxb6 Rf6 18. Qe3 Ng4 19. Bxg4 Qxg4 20. f3 Qh4 21. Qf2 Qh5 22. Ba3 Rh6 23. Qg3 Rg6 24. Qf2 Rh6 25. h3 Rg6 26. Kh2 Qg5 27. d4 Qf4+ 28. g3 Qh6 29. dxe5 Re8 30. Bxd6 Ree6 31. Rab1 f6 32. Rb8+ Kf7 33. Rf8# {Black checkmated} 1-0

[Event "FICS rated blitz game"]
[Site "FICS freechess.org"]
[FICSGamesDBGameNo "20000486"]
[White "topthemaster"]
[Black "aldair"]
[WhiteElo "1590"]
[BlackElo "1826"]
[WhiteRD "na"]
[BlackRD "na"]
[TimeControl "180+0"]
[Date "1999.04.25"]
[Time "16:54:00"]
[WhiteClock "0:03:00.000"]
[BlackClock "0:03:00.000"]
[ECO "C89"]
[PlyCount "56"]
[Result "0-1"]

1. e4 e5 2. Nf3 Nc6 3. Bb5 a6 4. Ba4 Nf6 5. O-O Be7 6. Re1 b5 7. Bb3 O-O 8. c3 d5 9. exd5 Nxd5 10. Nxe5 Nxe5 11. Rxe5 c6 12. d4 Bd6 13. Re1 Qh4 14. g3 Qh3 15. Re4 Bg4 16. Qxg4 Qxg4 17. Rxg4 Rae8 18. Bxd5 Re1+ 19. Kg2 cxd5 20. Bd2 Rd1 21. Rg5 f5 22. h3 h6 23. Rh5 Kh7 24. g4 f4 25. f3 Be7 26. Rxd5 Bh4 27. Rd6 Re8 28. Na3 Re2# {White checkmated} 0-1

[Event "FICS rated blitz game"]
[Site "FICS freechess.org"]
[FICSGamesDBGameNo "20000485"]
[White "Percevan"]
[Black "brd"]
[WhiteElo "1360"]
[BlackElo "1308"]
[WhiteRD "na"]
[BlackRD "na"]
[TimeControl "300+0"]
[Date "1999.04.25"]
[Time "13:04:00"]
[WhiteClock "0:05:00.000"]
[BlackClock "0:05:00.000"]
[ECO "C01"]
[PlyCount "101"]
[Result "1-0"]

1. e4 e6 2. d4 d5 3. exd5 exd5 4. Nc3 c6 5. Nf3 Bd6 6. Bd3 Ne7 7. O-O h6 8. Re1 O-O 9. Ne5 Bf5 10. Bf4 Nd7 11. Bxf5 Nxf5 12. Qd2 Re8 13. Nxd7 Qxd7 14. Bxd6 Qxd6 15. Ne2 Re7 16. Nf4 Rae8 17. Rxe7 Rxe7 18. c3 a5 19. h3 Qd7 20. Nd3 b6 21. Ne5 Qe8 22. Re1 f6 23. Nf3 Rxe1+ 24. Qxe1 Qxe1+ 25. Nxe1 c5 26. dxc5 bxc5 27. Nd3 c4 28. Nc5 Kf7 29. Nb7 a4 30. Nc5 Ke7 31. Nxa4 Kd6 32. b3 cxb3 33. axb3 Kc6 34. Nb2 Kb5 35. Kf1 Nd6 36. Ke2 Ne4 37. c4+ dxc4 38. Nxc4 Kb4 39. Nd2 Nxd2 40. Kxd2 g5 41. Kd3 Kxb3 42. Ke4 Kc2 43. f4 Kd2 44. g4 gxf4 45. Kxf4 Kd3 46. h4 Kd4 47. Kf5 Kd5 48. Kxf6 Ke4 49. g5 hxg5 50. hxg5 Kf4 51. g6 {Black resigns} 1-0

[Event "FICS rated blitz game"]
[Site "FICS freechess.org"]
[FICSGamesDBGameNo "20000484"]
[White "Drale"]
[Black "HandsUp"]
[WhiteElo "1373"]
[BlackElo "1381"]
[WhiteRD "na"]
[BlackRD "na"]
[TimeControl "120+12"]
[Date "1999.04.25"]
[Time "10:09:00"]
[WhiteClock "0:02:00.000"]
[BlackClock "0:02:00.000"]
[ECO "C54"]
[PlyCount "71"]
[Result "1-0"]

1. e4 e5 2. Nf3 Nc6 3. Bc4 Bc5 4. c3 Nf6 5. b4 Bb6 6. d3 O-O 7. a4 a6 8. Ba3 d5 9. exd5 Nxd5 10. b5 Nce7 11. Bxd5 Qxd5 12. Bxe7 Re8 13. Bb4 Rd8 14. O-O Bg4 15. h3 Bxf3 16. Qxf3 Qxf3 17. gxf3 Rxd3 18. Na3 Rxf3 19. Nc4 Ba7 20. Kg2 e4 21. Rae1 f5 22. Ne5 Rf4 23. Kg3 g5 24. c4 Re8 25. Bc3 Rd8 26. Bb2 Bd4 27. Bxd4 Rxd4 28. Rd1 Rxd1 29. Rxd1 axb5 30. axb5 Kf8 31. Rd8+ Ke7 32. Rd7+ Ke6 33. Rxc7 Kxe5 34. Rxb7 e3 35. Re7+ Kd4 36. fxe3+ {Black resigns} 1-0

[Event "FICS rated blitz game"]
[Site "FICS freechess.org"]
[FICSGamesDBGameNo "20000482"]
[White "NewOrder"]
[Black "NickeJ"]
[WhiteElo "1887"]
[BlackElo "1776"]
[WhiteRD "na"]
[BlackRD "na"]
[TimeControl "180+1"]
[Date "1999.04.25"]
[Time "09:36:00"]
[WhiteClock "0:03:00.000"]
[BlackClock "0:03:00.000"]
[ECO "A45"]
[PlyCount "58"]
[Result "1-0"]

1. d4 Nf6 2. Bg5 e6 3. e4 Be7 4. Bxf6 gxf6 5. Qh5 d6 6. Nf3 Kd7 7. Qxf7 h5 8. Nc3 c6 9. Bc4 d5 10. Bb3 Kc7 11. O-O-O Qg8 12. Qxe7+ Nd7 13. exd5 exd5 14. g3 Rh7 15. Qe3 Nb6 16. Qf4+ Kd8 17. Qxf6+ Re7 18. Ne5 Nd7 19. Qg6 Nxe5 20. Qxg8+ Kd7 21. dxe5 Kc7 22. f4 b6 23. Qf8 Rd7 24. Nxd5+ cxd5 25. Bxd5 Bb7 26. Qd6+ Kc8 27. Qxd7+ Kxd7 28. Bxb7+ Kc7 29. Bxa8 Kb8 {Black resigns} 1-0

[Event "FICS rated blitz game"]
[Site "FICS freechess.org"]
[FICSGamesDBGameNo "20000481"]
[White "Cybercat"]
[Black "Skula"]
[WhiteElo "1632"]
[BlackElo "1630"]
[WhiteRD "na"]
[BlackRD "na"]
[TimeControl "180+0"]
[Date "1999.04.25"]
[Time "04:42:00"]
[WhiteClock "0:03:00.000"]
[BlackClock "0:03:00.000"]
[ECO "A21"]
[PlyCount "76"]
[Result "0-1"]

1. c4 f5 2. Nc3 e5 3. g3 Nf6 4. Bg2 c6 5. d3 Qa5 6. Bd2 Bb4 7. a3 Be7 8. Nd5 Qd8 9. Nxe7 Qxe7 10. Nf3 d5 11. cxd5 cxd5 12. O-O Nc6 13. Rc1 Be6 14. Qa4 O-O 15. b4 e4 16. dxe4 dxe4 17. Ne1 Nd4 18. e3 Ne2+ 19. Kh1 Nxc1 20. Bxc1 Rfc8 21. Bb2 Ng4 22. h3 Nf6 23. Nc2 h6 24. Nd4 Nh7 25. Qb5 a6 26. Qe2 Bc4 27. Qe1 Bxf1 28. Bxf1 Rf8 29. Bc4+ Kh8 30. Ne6 Rfc8 31. Nxg7 Nf6 32. Nh5 Rxc4 33. Bxf6+ Qxf6 34. Nxf6 Kg7 35. Qa1 Kg6 36. Nd7 Rac8 37. Qf6+ Kh5 38. Qf7+ Kg5 {White forfeits on time} 0-1

[Event "FICS rated blitz game"]
[Site "FICS freechess.org"]
[FICSGamesDBGameNo "20000480"]
[White "fearnall"]
[Black "franky"]
[WhiteElo "1691"]
[BlackElo "1735"]
[WhiteRD "na"]
[BlackRD "na"]
[TimeControl "180+0"]
[Date "1999.04.24"]
[Time "22:57:00"]
[WhiteClock "0:03:00.000"]
[BlackClock "0:03:00.000"]
[ECO "A03"]
[PlyCount "82"]
[Result "0-1"]

1. f4 d5 2. Nf3 c5 3. e3 Nf6 4. d4 Nbd7 5. c3 c4 6. Be2 b5 7. O-O Bb7 8. Ne5 Ne4 9. Bf3 Ndf6 10. Bd2 g6 11. Be1 e6 12. a3 Be7 13. Bh4 O-O 14. Bxf6 Nxf6 15. Nd2 a5 16. Qc2 Nd7 17. e4 f5 18. exd5 exd5 19. Rfe1 Nf6 20. b3 Ne4 21. Bxe4 fxe4 22. g3 Rc8 23. bxc4 bxc4 24. Reb1 Rb8 25. Nf1 Qc7 26. Ne3 Bd6 27. Rb2 Bxe5 28. dxe5 Bc6 29. Rxb8 Rxb8 30. f5 Qxe5 31. fxg6 hxg6 32. Rf1 Rf8 33. Rxf8+ Kxf8 34. Qf2+ Kg7 35. Ng4 Qxc3 36. Kg2 Qf3+ 37. Qxf3 exf3+ 38. Kxf3 c3 39. Ke3 c2 40. Kd2 Ba4 41. Ne3 d4 {White forfeits on time} 0-1

[Event "FICS rated blitz game"]
[Site "FICS freechess.org"]
[FICSGamesDBGameNo "20000479"]
[White "stargleamer"]
[Black "Sabres"]
[WhiteElo "1424"]
[BlackElo "1301"]
[WhiteRD "na"]
[BlackRD "na"]
[TimeControl "120+12"]
[Date "1999.04.24"]
[Time "22:42:00"]
[WhiteClock "0:02:00.000"]
[BlackClock "0:02:00.000"]
[ECO "C02"]
[PlyCount "41"]
[Result "1-0"]

1. e4 e6 2. d4 d5 3. e5 c5 4. Nf3 cxd4 5. Nxd4 Bc5 6. Nf3 Nc6 7. Nbd2 Qb6 8. Qe2 Nd4 9. Nxd4 Bxd4 10. Nb3 Bc5 11. Qb5+ Qxb5 12. Bxb5+ Bd7 13. Bxd7+ Kxd7 14. Nxc5+ Ke7 15. Nxb7 Rb8 16. Nd6 f6 17. Bf4 g5 18. exf6+ Kxf6 19. Bc1 Ne7 20. b3 Rbd8 21. Bb2+ {Black resigns} 1-0

[Event "FICS rated blitz game"]
[Site "FICS freechess.org"]
[FICSGamesDBGameNo "20000478"]
[White "stargleamer"]
[Black "shoota"]
[WhiteElo "1424"]
[BlackElo "1537"]
[WhiteRD "na"]
[BlackRD "na"]
[TimeControl "120+12"]
[Date "1999.04.24"]
[Time "22:30:00"]
[WhiteClock "0:02:00.000"]
[BlackClock "0:02:00.000"]
[ECO "B73"]
[PlyCount "57"]
[Result "1-0"]

1. e4 g6 2. Nf3 Bg7 3. d4 d6 4. Be2 Nf6 5. O-O O-O 6. Nc3 c5 7. Be3 cxd4 8. Nxd4 Nc6 9. f4 e6 10. Nf3 Bd7 11. Qxd6 Ng4 12. Bd2 Kh8 13. h3 Nf6 14. e5 Ne8 15. Qc5 Nc7 16. Ne4 Ne8 17. Rad1 Rg8 18. Be3 Qc7 19. Nd6 Nxd6 20. Qxd6 Qxd6 21. Rxd6 Rgd8 22. Rfd1 Be8 23. Ng5 Rxd6 24. Rxd6 Rd8 25. Rxd8 Nxd8 26. Bxa7 h6 27. Ne4 Bc6 28. Nd6 Kg8 29. Bb6 {Black resigns} 1-0

[Event "FICS rated blitz game"]
[Site "FICS freechess.org"]
[FICSGamesDBGameNo "20000477"]
[White "selarosa"]
[Black "ulfila"]
[WhiteElo "1235"]
[BlackElo "1315"]
[WhiteRD "na"]
[BlackRD "na"]
[TimeControl "180+0"]
[Date "1999.04.24"]
[Time "17:42:00"]
[WhiteClock "0:03:00.000"]
[BlackClock "0:03:00.000"]
[ECO "B13"]
[PlyCount "56"]
[Result "0-1"]

1. e4 c6 2. d4 d5 3. exd5 cxd5 4. c4 Bf5 5. Nc3 e6 6. Nf3 Bb4 7. cxd5 exd5 8. Bb5+ Nc6 9. Bxc6+ bxc6 10. Qa4 Bxc3+ 11. bxc3 Ne7 12. Ne5 Qc7 13. Ba3 Rc8 14. O-O O-O 15. Bxe7 Qxe7 16. Nxc6 Qd6 17. Nxa7 Ra8 18. Qc6 Qd8 19. Nb5 Rc8 20. Qd6 Qa5 21. a4 Rfd8 22. Qb4 Qxb4 23. cxb4 Rc4 24. Rfc1 Rdc8 25. Rxc4 Rxc4 26. Re1 Kf8 27. h3 Rxb4 28. Nd6 Bd7 {White forfeits on time} 0-1

[Event "FICS rated blitz game"]
[Site "FICS freechess.org"]
[FICSGamesDBGameNo "20000476"]
[White "pjacobi"]
[Black "vendemiatrix"]
[WhiteElo "1496"]
[BlackElo "1707"]
[WhiteRD "na"]
[BlackRD "na"]
[TimeControl "120+5"]
[Date "1999.04.24"]
[Time "17:36:00"]
[WhiteClock "0:02:00.000"]
[BlackClock "0:02:00.000"]
[ECO "B22"]
[PlyCount "76"]
[Result "0-1"]

1. e4 c5 2. Nf3 Nc6 3. c3 d5 4. exd5 Qxd5 5. d4 e6 6. Be3 Nf6 7. c4 Qd8 8. Nc3 cxd4 9. Nxd4 Bd7 10. Be2 Bb4 11. Rc1 O-O 12. O-O Rc8 13. a3 Be7 14. b4 Ne5 15. c5 a6 16. Na4 Bxa4 17. Qxa4 Nfg4 18. c6 Nxe3 19. fxe3 Nxc6 20. Nxc6 Rxc6 21. Rxc6 bxc6 22. Qxc6 Qd2 23. Qxa6 Qxe3+ 24. Kh1 Qe5 25. Bf3 Bd6 26. g3 f5 27. Qe2 Qf6 28. Re1 e5 29. Bd5+ Kh8 30. Qe3 f4 31. gxf4 exf4 32. Qf3 Qh4 33. Re2 h5 34. a4 Bxb4 35. Qb3 Bd6 36. Qb1 f3 37. Rb2 f2 38. Qf1 Qxh2# {White checkmated} 0-1

[Event "FICS rated blitz game"]
[Site "FICS freechess.org"]
[FICSGamesDBGameNo "20000475"]
[White "Bladi"]
[Black "spydersweb"]
[WhiteElo "1149"]
[BlackElo "1257"]
[WhiteRD "na"]
[BlackRD "na"]
[TimeControl "120+12"]
[Date "1999.04.24"]
[Time "14:06:00"]
[WhiteClock "0:02:00.000"]
[BlackClock "0:02:00.000"]
[ECO "C50"]
[PlyCount "144"]
[Result "0-1"]

1. e4 e5 2. Nf3 Nc6 3. Bc4 h6 4. Nc3 a6 5. d4 Na5 6. Nxe5 Nxc4 7. Nxc4 Bb4 8. Qf3 Nf6 9. O-O O-O 10. Qg3 Bxc3 11. Bxh6 Nh5 12. Qg4 g6 13. Bxf8 d6 14. Qf3 Bxd4 15. Bh6 b5 16. Qd3 Bh8 17. Ne3 Bxb2 18. Rab1 Bg7 19. Bxg7 Kxg7 20. Qd4+ Kg8 21. Nd5 c5 22. Qe3 Kg7 23. f3 Be6 24. g4 Nf6 25. Rbd1 Qh8 26. Nxf6 Kxf6 27. Qg5+ Kg7 28. e5 d5 29. Qf6+ Kh6 30. g5+ Kh7 31. Qe7 Qg7 32. h4 Qxe5 33. Kf2 Qh2+ 34. Ke1 Qe5+ 35. Kd2 Qf4+ 36. Ke1 Qe5+ 37. Kf2 Qh2+ 38. Ke1 Qe5+ 39. Kd2 Qf4+ 40. Kc3 Qb4+ 41. Kd3 d4 42. Ke2 Qc3 43. Kf2 Qxc2+ 44. Kg1 Qf5 45. Rf2 d3 46. Qd6 c4 47. h5 Qxg5+ 48. Rg2 Qe3+ 49. Kh2 Qh6 50. Kg1 Qe3+ 51. Kf1 Qxf3+ 52. Rf2 Bh3+ 53. Ke1 Re8+ 54. Kd2 Qxf2+ 55. Kc3 Qc2+ 56. Kd4 Qxd1 57. hxg6+ Kg8 58. gxf7+ Kxf7 59. Qf4+ Ke7 60. Qh4+ Kd7 61. Qxh3+ Re6 62. Qh7+ Re7 63. Qh3+ Kd8 64. Qh8+ Kd7 65. Qh4 Qa1+ 66. Kc5 Qe5+ 67. Kb4 Qd6+ 68. Kc3 d2 69. Qh3+ Re6 70. Qh7+ Kc6 71. Qh1+ Kb6 72. Qg1+ Ka5 {White resigns} 0-1

[Event "FICS rated blitz game"]
[Site "FICS freechess.org"]
[FICSGamesDBGameNo "20000474"]
[White "Stargate"]
[Black "opy"]
[WhiteElo "1731"]
[BlackElo "1671"]
[WhiteRD "na"]
[BlackRD "na"]
[TimeControl "180+0"]
[Date "1999.04.24"]
[Time "05:43:00"]
[WhiteClock "0:03:00.000"]
[BlackClock "0:03:00.000"]
[ECO "A01"]
[PlyCount "67"]
[Result "0-1"]

1. b3 e5 2. Bb2 Nc6 3. d3 d5 4. Nf3 d4 5. Nbd2 Nf6 6. c3 g6 7. cxd4 exd4 8. g3 Bg7 9. Bg2 O-O 10. O-O a6 11. a3 Rb8 12. Rc1 Ng4 13. b4 Nge5 14. Nxe5 Nxe5 15. Nb3 Ng4 16. Qc2 c6 17. Qc4 Re8 18. Rfe1 Qf6 19. Bxd4 Qf5 20. h3 Nf6 21. Qc3 Be6 22. Nd2 Red8 23. Bb6 Rd7 24. Qc2 Rc8 25. Nc4 Nd5 26. e4 Qf6 27. exd5 Bxd5 28. Ne3 Be6 29. a4 Re7 30. b5 cxb5 31. Qe2 Rxc1 32. Rxc1 bxa4 33. Rc8+ Bf8 34. Rxf8+ {White forfeits on time} 0-1

[Event "FICS rated standard game"]
[Site "FICS freechess.org"]
[FICSGamesDBGameNo "20000473"]
[White "Mardoc"]
[Black "mudobber"]
[WhiteElo "2033"]
[BlackElo "1667"]
[WhiteRD "na"]
[BlackRD "na"]
[TimeControl "900+15"]
[Date "1999.04.23"]
[Time "22:53:00"]
[WhiteClock "0:15:00.000"]
[BlackClock "0:15:00.000"]
[ECO "C45"]
[PlyCount "113"]
[Result "1-0"]

1. e4 e5 2. Nf3 Nc6 3. d4 exd4 4. Nxd4 Bc5 5. Be3 Qe7 6. f3 Nxd4 7. Bxd4 Bxd4 8. Qxd4 Nf6 9. Nc3 O-O 10. O-O-O d6 11. Bc4 Bd7 12. h4 Nh5 13. g4 Nf4 14. Kb1 Be6 15. Bd5 Rab8 16. h5 h6 17. Rdg1 Qg5 18. Bb3 a6 19. Rd1 b5 20. Rhe1 a5 21. Bd5 b4 22. Ne2 a4 23. Nxf4 Qxf4 24. Qe3 Qxe3 25. Rxe3 g5 26. hxg6 Bxd5 27. Rxd5 fxg6 28. Kc1 Rf6 29. e5 Re8 30. exd6 Rxe3 31. dxc7 Rc6 32. Rd8+ Kf7 33. c8=Q Rxc8 34. Rxc8 Rxf3 35. Rc4 g5 36. Rxb4 Rf4 37. Rxf4+ gxf4 38. Kd2 Kf6 39. Ke2 Ke5 40. Kf3 Kd4 41. Kxf4 Kc4 42. Kf5 Kd4 43. Kg6 Ke3 44. Kxh6 Kd2 45. c4 Kc2 46. c5 Kxb2 47. c6 Kxa2 48. c7 Kb3 49. c8=Q a3 50. Qc1 Ka2 51. g5 Kb3 52. g6 Ka2 53. g7 Kb3 54. g8=Q+ Kb4 55. Qgc4+ Ka5 56. Qxa3+ Kb6 57. Qaa6# {Black checkmated} 1-0

[Event "FICS rated lightning game"]
[Site "FICS freechess.org"]
[FICSGamesDBGameNo "20000472"]
[White "Koukku"]
[Black "GeraldSHL"]
[WhiteElo "2135"]
[BlackElo "1649"]
[WhiteRD "na"]
[BlackRD "na"]
[TimeControl "120+0"]
[Date "1999.04.23"]
[Time "21:21:00"]
[WhiteClock "0:02:00.000"]
[BlackClock "0:02:00.000"]
[ECO "C01"]
[PlyCount "104"]
[Result "0-1"]

1. e4 e6 2. Nf3 d5 3. exd5 exd5 4. d4 Bd6 5. Bd3 Nf6 6. Nc3 c6 7. Bg5 O-O 8. Qd2 Be6 9. O-O-O Nbd7 10. Kb1 Qc7 11. Rde1 b6 12. g3 a6 13. Nh4 c5 14. dxc5 bxc5 15. Nf5 c4 16. Nxd6 cxd3 17. Nxf7 dxc2+ 18. Qxc2 Bxf7 19. Ka1 d4 20. Bf4 Qc6 21. Qa4 Qxa4 22. Nxa4 Rac8 23. Re7 Rc4 24. b3 Rc2 25. Rf1 Rfc8 26. Kb1 Nc5 27. Kxc2 Nxa4+ 28. Kd3 Nb2+ 29. Kxd4 Rd8+ 30. Kc3 Nd5+ 31. Kxb2 Nxe7 32. Bg5 Kf8 33. Re1 Re8 34. Ka3 Nc6 35. Rc1 Ne5 36. Rc7 h6 37. Be3 Ra8 38. f4 Ng4 39. Bc5+ Kg8 40. h3 Nf6 41. Bd4 Nd5 42. Rd7 a5 43. f5 a4 44. bxa4 Nf6 45. Bxf6 gxf6 46. Rd4 Be8 47. g4 Kf7 48. h4 Bc6 49. Rc4 Bd7 50. Rc7 Ke7 51. a5 Rxa5+ 52. Kb2 Rd5 {White forfeits on time} 0-1